 Dungeon Crawl Stone Soup version 0.30-a0-632-g346586fe48 (webtiles) character file.

Game seed: 4967392931147632042

791 bande the Chopper (level 7, -5/44 HPs)
             Began as a Gargoyle Fighter on Jan 14, 2023.
             Was a Follower of Okawaru.
             Slain by Prince Ribbit (8 damage)
             ... on level 5 of the Dungeon.
             The game lasted 00:08:35 (4656 turns).

bande the Chopper (Gargoyle Fighter)                Turns: 4656, Time: 00:08:36

Health: -5/44      AC: 14    Str: 19    XL:     7   Next: 88%
Magic:  9/9        EV:  9    Int:  9    God:    Okawaru [*.....]
Gold:   242        SH:  6    Dex: 23    Spells: 6/6 levels left

rFire   + . .      SeeInvis .    o - +0 broad axe
rCold   + . .      Faith    .    c - +0 buckler
rNeg    + . .      Spirit   .    b - +0 scale mail
rPois   ∞          Reflect  .    (no helmet)
rElec   +          Harm     .    u - scarf {rC+ rF+}
rCorr   .          Rampage  .    f - +0 pair of gloves
Will    .....                    l - +0 pair of boots
Stlth   +                        (no amulet)
HPRegen 0.27/turn                e - +6 ring of dexterity
MPRegen 0.11/turn                h - +6 ring of dexterity

@: no status effects
A: sickness immunity, AC +4, negative energy resistance 1, electricity
resistance, torment resistance 1, petrification resistance
a: Renounce Religion, Heroism


You were on level 5 of the Dungeon.
You worshipped Okawaru.
Okawaru was aware of your devotion.
You visited 2 branches of the dungeon, and saw 6 of its levels.

You collected 242 gold pieces.

Inventory:

Hand Weapons
 a - a +0 war axe
 m - a +0 flail
 o - a +0 broad axe (weapon)
 t - a +0 hammer of venom
Armour
 b - a +0 scale mail (worn)
 c - a +0 buckler (worn)
 f - a +0 pair of gloves (worn)
 j - a +0 cloak
 l - a +0 pair of boots (worn)
 s - a +1 cloak of poison resistance
 u - a scarf of resistance (worn)
Jewellery
 e - a +6 ring of dexterity (left hand)
 h - a +6 ring of dexterity (right hand)
Wands
 r - a wand of flame (6)
Scrolls
 g - a scroll of poison
 p - a scroll of teleportation
 v - a scroll of noise {unknown}
Potions
 d - a potion of might
 i - 4 potions of curing
 k - a potion of berserk rage
 n - a potion of heal wounds
 q - a potion of ambrosia {unknown}
 w - a potion of flight {unknown}
 x - 2 potions of lignification {unknown}


   Skills:
 + Level 4.7 Fighting
 + Level 5.6 Axes
 + Level 4.9 Armour
 + Level 4.4 Shields
 * Level 3.1 Invocations


You had 6 spell levels left.
You didn't know any spells.
Your spell library contained the following spells:

 Spells                   Type           Power      Damage    Failure   Level
 Gell's Gravitas          Tloc           0%         N/A       99%         3
 Teleport Other           Tloc           0%         N/A       99%         3
 Blade Hands              Tmut           0%         N/A       100%        5
 Irradiate                Conj/Tmut      0%         3d11      100%        5
 Dispersal                Tloc           0%         N/A       100%        6
 Dragon Form              Tmut           0%         N/A       100%        7


Dungeon Overview and Level Annotations

Branches:
Dungeon (5/15)             Temple (1/1) D:4

Altars:
Ashenzari
Cheibriados
Dithmenos
Elyvilon
Fedhas
Gozag
Hepliaklqana
Kikubaaqudgha
Nemelex Xobeh
Okawaru
Sif Muna
Trog
Wu Jian
Zin
The Shining One

Shops:
D:5 ::

Annotations:
D:5 Eustachio, Prince Ribbit


Innate Abilities, Weirdness & Mutations

You are immune to sickness and miasma.
Your stone body is resilient. (AC +4)
You are immune to poison.
You resist negative energy. (rN+)
You are resistant to electric shocks. (rElec)
You are resistant to unholy torment.
You are immune to petrification.


Message History

You kill the quokka!
The quokka's corpse disappears in a puff of smoke!
The ufetubus barely misses you.
The ufetubus hits you but does no damage.
Prince Ribbit hits you.
You hit the ufetubus but do no damage. You closely miss Prince Ribbit.
The ufetubus barely misses you. You block the ufetubus's attack.
Prince Ribbit hits you.
* * * LOW HITPOINT WARNING * * *
You block the ufetubus's attack. The ufetubus hits you.
* * * LOW HITPOINT WARNING * * *
Prince Ribbit hits you but does no damage.
You closely miss the ufetubus. You closely miss Prince Ribbit.
The ufetubus hits you but does no damage. x2
Prince Ribbit closely misses you.
The ufetubus hits you but does no damage.
You block the ufetubus's attack. Prince Ribbit hits you.
* * * LOW HITPOINT WARNING * * *
The ufetubus hits you but does no damage. x2
You hit the ufetubus but do no damage. You slash Prince Ribbit!
You block Prince Ribbit's attack. You block the ufetubus's attack.
The ufetubus hits you but does no damage.
Prince Ribbit misses you.
You closely miss the ufetubus. You hit Prince Ribbit.
The ufetubus barely misses you. x2; The ufetubus hits you.
* * * LOW HITPOINT WARNING * * *
The ufetubus barely misses you.
Prince Ribbit hits you but does no damage.
Eustachio mumbles some strange words.
The ufetubus hits you but does no damage.
The ufetubus barely misses you.
Prince Ribbit hits you but does no damage.
You slash the ufetubus!
You kill the ufetubus!
The ufetubus disappears in a puff of smoke!
You slash Prince Ribbit! Prince Ribbit hits you.
* * * LOW HITPOINT WARNING * * *
Eustachio mumbles some strange words.
Eustachio blinks!
The rat bites you but does no damage. Prince Ribbit hits you!
You die...

.. .# .# # .###.
.... . ..# .#
#### ##F# ..#
...# #@## #..#
##.# ##r## #...
##.# #r.###.. #
...# ###
#.#.#.## .#
######.##
#@##...##..#
........# #
##5##.#.....#
######.###
#.##.5.#...###.#
##.....).#
.........##
##.#.....#
###...#.##


You could see Eustachio, Prince Ribbit, 2 quasits and 2 rats.

Vanquished Creatures
  An ice beast (D:5)
  2 kobold brigands (D:3)
  A howler monkey (D:4)
  Crazy Yiuf (D:3)
  2 hounds
  6 iguanas
  An orc wizard (D:3)
  7 gnolls
  7 adders
  A shadow imp (D:5)
  A white imp (D:5)
  2 worms
  A dart slug (D:4)
  15 orcs
  8 endoplasms
  5 giant cockroaches
  6 goblins
  7 hobgoblins
  4 jackals (D:2)
  2 quokkas
  6 ball pythons
  5 bats
  2 frilled lizards (D:3)
  13 kobolds
  5 rats
111 creatures vanquished.

Vanquished Creatures (others)
  A kobold (D:3)
1 creature vanquished.

Grand Total: 112 creatures vanquished

Notes
Turn   | Place    | Note
-------+----------+-------------------------------------------
     0 | D:1      | bande the Gargoyle Fighter began the quest for the Orb.
     0 | D:1      | Reached XP level 1. HP: 14/14 MP: 1/1
   263 | D:1      | Reached XP level 2. HP: 19/19 MP: 2/2
   297 | D:1      | Reached skill level 2 in Axes
  1150 | D:2      | Reached XP level 3. HP: 20/23 MP: 3/3
  1326 | D:2      | HP: 1/23 [gnoll/+0 spear (1)]
  1328 | D:2      | Reached XP level 4. HP: 1/28 MP: 4/4
  1765 | D:2      | Reached skill level 3 in Axes
  2313 | D:3      | Reached XP level 5. HP: 32/33 MP: 5/5
  2508 | D:3      | Noticed a kobold brigand
  2508 | D:3      | Noticed a kobold brigand
  2580 | D:4      | Found a staircase to the Ecumenical Temple.
  2593 | Temple   | Entered the Ecumenical Temple
  2614 | Temple   | Became a worshipper of Warmaster Okawaru
  2637 | D:4      | Identified the +4 spear of Fresh Valiance {antimagic, rF+
                  | Str+4}
  2767 | D:4      | Reached skill level 4 in Axes
  2805 | D:4      | Reached XP level 6. HP: 38/38 MP: 6/6
  2810 | D:4      | Reached skill level 1 in Invocations
  2982 | D:4      | Found a bloodstained altar of Trog.
  3057 | D:4      | Found an ornate altar of the Wu Jian Council.
  3294 | D:4      | Found a glowing golden altar of the Shining One.
  3653 | D:3      | Reached * piety under Okawaru
  3654 | D:3      | Reached XP level 7. HP: 41/44 MP: 8/8
  3710 | D:3      | Reached skill level 5 in Axes
  3986 | D:3      | Found a runed translucent door.
  3987 | D:3      | Noticed Crazy Yiuf
  4029 | D:3      | Killed Crazy Yiuf
  4258 | D:5      | Entered Level 5 of the Dungeon
  4512 | D:5      | Found Ofachuk's Book Shop.
  4575 | D:5      | Found Veijat's Book Boutique.
  4619 | D:5      | Noticed Prince Ribbit
  4621 | D:5      | Noticed Eustachio
  4656 | D:5      | Slain by Prince Ribbit

Illustrated notes

Levels and vault maps discovered:
D:1:      scummos_arrival_simple_fountains, layout_basic
D:2:      layout_loops_cross
D:3:      cheibrodos_thug_alley, layout_basic, uniq_crazy_yiuf_cottage
D:4:      layout_loops_cross, mainiacjoe_overflow_cross_hatched,
          tso_oasis_becter, pdpol_wu_jian_five_deadly_venoms,
          minmay_temple_entry_statues_fountains, nrook_uturn, chequers_garden,
          minmay_misc_feat_secret_circle, minmay_close_crescents
D:5:      layout_loops_ring, mainiacjoe_overflow_surrounded_room, serial_shops,
          nicolae_take_the_stairs, shop, nicolae_shop_hallway_stairs,
          nicolae_ossuary_entry_ruins, chequers_serial_rivers_room_b,
          uniq_prince_ribbit1, uniq_eustachio
Temple:   hellmonk_temple_two_chambers

Skill      XL: |  1  2  3  4  5  6  7 |
---------------+----------------------+-----
Axes           | 2 3 4 5 |  5.6
Armour         | 4 |  4.9
Fighting       | 4 |  4.7
Invocations    | 2 3 |  3.1
Shields        | 4 |  4.4

Action                   |  1- 3 |  4- 6 |  7- 9 || total
-------------------------+-------+-------+-------++-------
Melee: War axe           |    72 |    71 |       ||   143
       Broad axe         |       |    88 |   108 ||   196
  Use: Scroll            |     1 |     5 |       ||     6
Armor: Scale mail        |    55 |    52 |    63 ||   170
Dodge: Dodged            |    39 |    70 |    59 ||   168
Block: Buckler           |    30 |    60 |    30 ||   120

Table legend: (Time is in decaauts)
 A = Elapsed time spent in this place.
 B = Non-inter-level travel time spent in this place.
 C = Inter-level travel time spent in this place.
 D = Time resting spent in this place.
 E = Time spent auto-exploring this place.
 F = Levels seen in this place.
 G = Mean time per level.
                   A        B        C        D        E       F      G
               +--------+--------+--------+--------+--------+-----+--------+
         Total |   4799 |   4566 |    233 |    506 |   3050 |   6 |  799.8 |
       Dungeon |   4758 |   4525 |    233 |    506 |   3040 |   5 |  951.6 |
        Temple |     40 |     40 |      0 |      0 |     10 |   1 |   40.0 |
               +--------+--------+--------+--------+--------+-----+--------+

Top non-repeatable levels by time:
     D:2: 1271 daAuts
     D:1: 1118 daAuts
     D:3: 1101 daAuts
     D:4: 847 daAuts
     D:5: 420 daAuts
  Temple: 40 daAuts
